 Dungeon Crawl Stone Soup version 0.25.0-3-gd7cc5688da (console) character file.

Game seed: 2366896284937919331

5464 Garrluk the Destroyer (level 10, -11/105 HPs)
             Began as an Ogre Wizard on June 15, 2020.
             Was a Believer of Cheibriados.
             Killed from afar by a gargoyle (14 damage)
             ... with a stone arrow
             ... on level 9 of the Dungeon.
             The game lasted 00:42:23 (14125 turns).

Garrluk the Destroyer (Ogre Wizard)                Turns: 14125, Time: 00:42:24

Health: -11/105    AC:  6    Str: 17    XL:     10   Next: 68%
Magic:  1/23       EV: 10    Int: 26    God:    Cheibriados [**....]
Gold:   253        SH:  0    Dex: 11    Spells: 17/28 levels left

rFire    . . .     SeeInvis +   I - +3 trident (freeze)
rCold    . . .     Gourm    .   (no shield)
rNeg     + . .     Faith    .   C - +0 steam dragon scales
rPois    .         Spirit   .   b - +0 hat
rElec    .         Reflect  .   (no cloak)
rCorr    .         Harm     .   (gloves unavailable)
MR       +....                  (boots unavailable)
Stlth    ++........             (no amulet)
HPRegen  0.27/turn              F - ring of positive energy
MPRegen  0.18/turn              O - ring of see invisible

@: very slightly contaminated, very slow
A: large, unfitting armour, tough skin 1
a: Bend Time, Renounce Religion


You were on level 9 of the Dungeon.
You worshipped Cheibriados.
Cheibriados was pleased with you.
You were not hungry.

You visited 2 branches of the dungeon, and saw 11 of its levels.

You collected 512 gold pieces.
You spent 259 gold pieces at shops.

Inventory:

Hand Weapons
 f - a +0 short sword
 y - the +3 dagger of Uskayaw's Regard {drain, *Noise rF++ rC+ Stlth+}
   (You found it on level 5 of the Dungeon)

   A truly terrible weapon, it drains the life of those it strikes.
   It greatly protects you from fire.
   It protects you from cold.
   It may make noises in combat.
   It makes you more stealthy.
 E - a +4 glaive of draining
 I - a +3 trident of freezing (weapon)
 L - the +8 whip "Bicyzugg" {vorpal, Dex+3}
   (You found it on level 8 of the Dungeon)

   It inflicts extra damage upon your enemies.
   It affects your dexterity (+3).
Armour
 a - a +0 robe
 b - a +0 hat (worn)
 C - +0 steam dragon scales (worn)
Jewellery
 F - a ring of positive energy (left hand)
 N - an uncursed ring of ice
 O - a ring of see invisible (right hand)
Wands
 B - a wand of polymorph (5)
 D - a wand of clouds (8)
 H - a wand of iceblast (4)
 P - a wand of flame (50)
 Q - a wand of acid (7)
Scrolls
 g - 6 scrolls of teleportation
 k - a scroll of blinking
 m - 2 scrolls of amnesia {unknown}
 n - a scroll of immolation {unknown}
 o - 2 scrolls of fog {unknown}
 q - 3 scrolls of enchant weapon {unknown}
 r - 3 scrolls of remove curse {unknown}
 s - a scroll of enchant armour {unknown}
 w - 3 scrolls of identify
 x - a scroll of fear {unknown}
 A - a scroll of noise {unknown}
 J - a scroll of silence {unknown}
 K - a scroll of magic mapping {unknown}
Potions
 c - 3 potions of flight {unknown}
 e - 5 potions of curing
 h - a potion of heal wounds {unknown}
 i - a potion of magic {unknown}
 j - a potion of might {unknown}
 l - 2 potions of cancellation {unknown}
 p - a potion of stabbing {unknown}
 t - 3 potions of lignification {unknown}
 u - 3 potions of mutation {unknown}
 v - 3 potions of brilliance {unknown}
 z - a potion of invisibility {unknown}
Comestibles
 d - 18 rations


   Skills:
 * Level 8.3 Fighting
 * Level 4.5 Polearms
 - Level 1.7 Dodging
 - Level 1.4 Stealth
 + Level 9.7 Spellcasting
 - Level 9.7 Conjurations
 - Level 0.8 Summonings
 - Level 0.8 Translocations


You had 17 spell levels left.
You knew the following spells:

 Your Spells              Type           Power        Failure   Level  Hunger
a - Magic Dart            Conj           ####         1%          1    None
b - Blink                 Tloc           N/A          4%          2    None
c - Conjure Flame         Conj/Fire      #####...     1%          3    None
d - Mephitic Cloud        Conj/Pois/Air  ####....     3%          3    None
e - Call Imp              Summ           ###.....     4%          2    None

Your spell library contained the following spells:

 Spells                   Type           Power        Failure   Level  Hunger
 Slow                     Hex            ##......     7%          2    None


Dungeon Overview and Level Annotations

Branches:
Dungeon (10/15)            Temple (1/1) D:7
   Lair: D:8-11         Orc: D:9-12

Altars:
Ashenzari
Cheibriados
Elyvilon
Fedhas
Gozag
Hepliaklqana
Makhleb
Nemelex Xobeh
Okawaru
Qazlal
Sif Muna
Trog
Wu Jian
Xom
Yredelemnul
Zin
Beogh

Shops:
D:6 :=?   D:7 %

Annotations:
D:3 3 runed translucent doors, releu's ghost, amateur KoTm


Innate Abilities, Weirdness & Mutations

You are too large for most types of armour.
You have tough skin. (AC +1)


Message History

Your shadow imp barely misses the gargoyle.
The gargoyle hurls a stone arrow at you.
The stone arrow misses you.
The gargoyle hits you with a cursed -2 dire flail!!
* * * LOW HITPOINT WARNING * * *
Casting: Call Imp (safe; 4% risk of failure)
Confirm with . or Enter, or press ? or * to list all spells.
You miscast Blink.
You are very lightly contaminated with residual magic.
Nothing appears to happen.
Your crimson imp barely misses the gargoyle.
Unknown command.
Unknown command.
Blink to where?
Press: ? - help, Dir - move target cursor, p - gargoyle
As you read the scroll of blinking, it crumbles to dust.
The gargoyle hurls a stone arrow at you.
The stone arrow misses your crimson imp.
The stone arrow hits you!
You die...

#................##.#
#................#..#
#..........^....##.##
#####.#.....#......###.#
###.....##.####.########.#
!#######...# #..# #..# .# #.###
#.## #.##
'#######.#####.########.####
..#........................##
..######.###................##
..#.####..(..5..@............#
..#...#......5...>..)........#
'####.......9#5..............#
.##........ยง##...............#
.##.#.....####.............(.#
###.....#..# #...............#
..##..####.# ##.............##
.###..####.#####.....#.....##
#.....##...#5.9....#########
#...>........#######
#.......(#####


You could see a gargoyle, a friendly crimson imp (summoned), a friendly white
imp (summoned) and a friendly shadow imp (summoned).

Vanquished Creatures
  Maggie (D:6)
  Prince Ribbit (D:6)
  3 hippogriffs
  5 yaks (D:9)
  3 orc warriors
  Duvessa (D:6)
  2 ice beasts (D:8)
  2 sky beasts
  A phantom (D:8)
  3 black bears
  2 ogres
  2 centaurs
  2 big kobolds
  5 bullfrogs
  4 scorpions
  A water moccasin skeleton (D:6)
  Dowan (D:6)
  5 wights (D:6)
  2 howler monkeys
  4 crimson imps
  4 hounds
  A bullfrog skeleton (D:4)
  A centaur skeleton (D:4)
  A gnoll shaman (D:6)
  5 orc priests
  2 orc wizards
  3 iguanas
  4 worker ants
  A killer bee zombie (D:5)
  A hound skeleton (D:8)
  A worker ant zombie (D:5)
  8 gnolls
  10 adders
  3 howler monkey skeletons
  2 adder skeletons
  A worm (D:4)
  2 dart slugs (D:1)
  3 leopard geckos
  21 orcs
  A giant cockroach (D:2)
  7 goblins
  5 hobgoblins
  6 jackals
  13 kobolds
  6 quokkas
  12 bats
  4 frilled lizards
  A giant cockroach zombie (D:5)
  A jackal skeleton (D:4)
  A leopard gecko skeleton (D:6)
  A quokka skeleton (D:7)
  10 rats
192 creatures vanquished.

Vanquished Creatures (collateral kills)
  A hungry ghost (D:7)
  Menkaure (D:6)
  A water moccasin (D:6)
  2 ice beasts
  A bullfrog (D:6)
  A quasit (D:8)
  An orc priest (D:7)
  2 orc wizards (D:7)
  A gnoll (D:5)
  2 jackals
13 creatures vanquished.

Vanquished Creatures (others)
  A gnoll (D:6)
1 creature vanquished.

Grand Total: 206 creatures vanquished

Notes
Turn   | Place    | Note
-------+----------+-------------------------------------------
     0 | D:1      | Garrluk the Ogre Wizard began the quest for the Orb.
     0 | D:1      | Reached XP level 1. HP: 16/16 MP: 5/5
    28 | D:1      | Reached skill level 1 in Conjurations
   343 | D:1      | Reached XP level 2. HP: 19/24 MP: 2/6
  1127 | D:2      | Reached XP level 3. HP: 30/31 MP: 1/8
  1136 | D:2      | Learned a level 2 spell: Blink
  1140 | D:2      | Learned a level 3 spell: Conjure Flame
  1144 | D:2      | Learned a level 3 spell: Mephitic Cloud
  1532 | D:2      | Found an iron altar of Okawaru.
  1674 | D:2      | Reached XP level 4. HP: 39/39 MP: 7/10
  2234 | D:2      | Learned a level 2 spell: Call Imp
  2486 | D:3      | Reached XP level 5. HP: 44/45 MP: 5/11
  2664 | D:3      | Found a stormy altar of Qazlal.
  2918 | D:3      | Found a runed translucent gate.
  2918 | D:3      | Found a runed translucent gate.
  2918 | D:3      | Found a runed translucent gate.
  2919 | D:3      | Found a roughly hewn altar of Beogh.
  2921 | D:3      | Noticed releu's ghost (amateur KoTm)
  3131 | D:4      | Noticed a hippogriff
  3327 | D:4      | Reached skill level 5 in Spellcasting
  3634 | D:4      | Reached XP level 6. HP: 53/53 MP: 0/13
  3912 | D:4      | Killed a hippogriff
  3912 | D:4      | Reached skill level 5 in Conjurations
  3912 | D:4      | Reached XP level 7. HP: 29/59 MP: 4/15
  4290 | D:4      | Found a glowing silver altar of Zin.
  4622 | D:5      | Entered Level 5 of the Dungeon
  6236 | D:6      | Found Gapas's Magic Scroll Shop.
  6244 | D:6      | Bought a scroll of blinking for 105 gold pieces
  6244 | D:6      | Bought 3 scrolls of teleportation for 126 gold pieces
  6306 | D:5      | Got an ivory dagger
  6307 | D:5      | Identified the +3 dagger of Uskayaw's Regard {drain, *Noise
                  | rF++ rC+ Stlth+} (You found it on level 5 of the Dungeon)
  6427 | D:5      | HP: 1/59 [gnoll/+0 halberd (2)]
  6427 | D:5      | Reached XP level 8. HP: 1/67 MP: 2/17
  6800 | D:5      | Found a blossoming altar of Fedhas.
  7411 | D:6      | Found Atroteos's Book Boutique.
  7447 | D:6      | Noticed Maggie
  7747 | D:6      | Noticed Menkaure
  7781 | D:6      | Killed Menkaure
  7901 | D:6      | Bought a scroll of identify for 28 gold pieces
  9085 | D:6      | Noticed Duvessa
  9085 | D:6      | Noticed Dowan
  9112 | D:6      | Killed Dowan
  9114 | D:6      | Killed Duvessa
  9114 | D:6      | Reached skill level 1 in Fighting
  9122 | D:6      | Killed Maggie
  9122 | D:6      | Reached XP level 9. HP: 70/80 MP: 7/21
  9216 | D:6      | Noticed Prince Ribbit
  9255 | D:6      | Killed Prince Ribbit
  9709 | D:6      | Found Ycrauch's Jewellery Emporium.
 10773 | D:7      | Found a staircase to the Ecumenical Temple.
 10898 | Temple   | Entered the Ecumenical Temple
 10933 | Temple   | Became a worshipper of Cheibriados the Contemplative
 11169 | D:7      | Found a shimmering altar of Xom.
 11171 | D:7      | Reached skill level 5 in Fighting
 11194 | D:7      | Found Inenur Cieha's Food Shop.
 11405 | D:7      | Found a hazy altar of Hepliaklqana.
 11678 | D:8      | Reached XP level 10. HP: 93/96 MP: 19/23
 11832 | D:8      | Reached skill level 1 in Polearms
 11846 | D:8      | Found a burning altar of Makhleb.
 11960 | D:8      | Reached * piety under Cheibriados
 12128 | D:8      | Got a translucent whip
 12129 | D:8      | Identified the +8 whip "Bicyzugg" {vorpal, Dex+3} (You
                  | found it on level 8 of the Dungeon)
 12715 | D:8      | Found a white marble altar of Elyvilon.
 13408 | D:9      | Reached ** piety under Cheibriados
 13700 | D:10     | Entered Level 10 of the Dungeon
 13702 | D:10     | Noticed a gargoyle
 14123 | D:9      | HP: 3/105 [gargoyle/cursed -2 dire flail (18)]
 14125 | D:9      | Killed from afar by a gargoyle

Illustrated notes

Levels and vault maps discovered:
D:1:      minmay_arrival_checkered_box, layout_loops_ring, chequers_arboretum,
          kennysheep_pointless_box
D:2:      layout_basic, okawaru_ov_weapons_minmay
D:3:      layout_basic, first_ration, biasface_ghost_orc_armoury,
          grunt_qazlal_sundering
D:4:      layout_loops_cross, zin_statuary
D:5:      layout_basic, fedhas_altar_1
D:6:      layout_gridville, serial_shops, kennysheep_mini_moat,
          nicolae_shop_statue_plus, nicolae_shop_window_shopping, uniq_maggie,
          uniq_duvessa, uniq_menkaure, uniq_prince_ribbit1
D:7:      layout_rooms, lemuel_doored_altar, minmay_temple_entry_junction,
          serial_shops, shop, basic_altar, serial_rivers,
          chequers_serial_rivers_large_a, chequers_serial_rivers_small_a,
          chequers_serial_rivers_small_a, chequers_serial_rivers_marsh,
          dk_noncrumbling_3
D:8:      layout_loops_ring, marbit_many_paths, makhleb_grotto_becter
D:9:      layout_rooms, blue_anna_alchemist [blue_anna_fruit_fields,
          blue_anna_fruit_fields]
D:10:     layout_loops_ring, lair_entry_dummy, serial_shops,
          nicolae_shop_waterfront, basic_altar, hangedman_misty_isle,
          uniq_maurice
Temple:   compressed_dpeg_circular_temple

Skill      XL: |  1  2  3  4  5  6  7  8  9 10 |
---------------+-------------------------------+-----
Conjurations   | 1 2 3 4 5 6 8 9 |  9.7
Spellcasting   | 4 5 6 8 9 |  9.7
Fighting       | 2 5 8 |  8.3
Polearms       | 4 |  4.5
Dodging        | |  1.7
Stealth        | |  1.4
Summonings     | |  0.8
Translocations | |  0.8

Action                   |  1- 3 |  4- 6 |  7- 9 | 10-12 || total
-------------------------+-------+-------+-------+-------++-------
Melee: Unarmed           |    13 |       |       |       ||    13
       Short sword       |     8 |    30 |    22 |       ||    60
       Club              |     1 |       |       |       ||     1
       Dagger            |       |       |    87 |       ||    87
       Glaive            |       |       |    58 |    62 ||   120
       Trident           |       |       |       |    97 ||    97
 Cast: Magic Dart        |    62 |   115 |   324 |    20 ||   521
       Conjure Flame     |     1 |     1 |     2 |     3 ||     7
       Mephitic Cloud    |     1 |     4 |    27 |     8 ||    40
       Blink             |       |       |     3 |     2 ||     5
       Call Imp          |       |       |    72 |    30 ||   102
Evoke: Wand              |       |       |     3 |       ||     3
  Use: Scroll            |       |       |     2 |     3 ||     5
       Potion            |       |       |       |     1 ||     1
 Stab: Distracted        |     1 |       |     3 |       ||     4
       Confused          |       |     3 |     3 |     1 ||     7
       Sleeping          |       |       |       |     1 ||     1
  Eat: Chunk             |     2 |     7 |    12 |     4 ||    25
       Ration            |       |       |     5 |       ||     5
Armor: Robe              |    13 |    16 |    16 |       ||    45
       Steam dragon scal |       |       |    48 |    68 ||   116
Dodge: Dodged            |    27 |    32 |   153 |   100 ||   312
